 Dungeon Crawl Stone Soup version 0.31-a0-960-g0fca184906 (webtiles) character file.

Game seed: 10613297193416380156

240382 p00ps00p the Executioner (level 19, -3/189 HPs)
             Began as a Hill Orc Fighter on Oct 23, 2023.
             Was an Initiate of Gozag.
             Killed from afar by a nagaraja (41 damage)
             ... with a poison arrow
             ... on level 4 of the Snake Pit.
             The game lasted 01:36:12 (41261 turns).

p00ps00p the Executioner (Hill Orc Fighter)        Turns: 41261, Time: 01:36:13

Health: -3/189     AC: 38    Str: 37    XL:     19   Next: 78%
Magic:  19/19      EV: 11    Int: 15    God:    Gozag
Gold:   2034       SH: 24    Dex:  9    Spells: 18/18 levels left

rFire   + + +        V - +8 hand axe of Gededgh {vamp, rPois Str+4 Int+3 Dex-3}
rCold   + + +        n - +0 tower shield
rNeg    + + +        x - +2 gold dragon scales
rPois   .            e - +3 hat of Filth {Int+4 Dex+2}
rElec   +            l - +1 cloak of Starlight {*Dazzle EV+4 Stlth--}
rCorr   +            U - +0 pair of gloves of the Distant Future {rElec rF+++ Will- rCorr}
SInv    +            P - +0 pair of boots "Bobrek" {rC+ rN++}
Will    .....        i - amulet of reflection Stlth
                     o - ring of Giykodis {rC+++ Will- rCorr AC+4 Slay+6}
HPRegen 0.51/turn    J - ring of Reimbursement {rElec rN+ Str+6 Slay+6 SInv}
MPRegen 0.16/turn

%: reflection
@: lethally poisoned (-3 -> -30), weakened, untranslocatable, poison vulnerable,
slowed, invisible, very slow
A: no striking features
}: 1/15 runes: decaying
a: Renounce Religion, Potion Petition, Call Merchant, Bribe Branch


You were on level 4 of the Snake Pit.
You worshipped Gozag.
Gozag was most pleased with you.
You visited 6 branches of the dungeon, and saw 31 of its levels.
You visited the Abyss 1 time.
You also visited: Ossuary and Gauntlet.

You collected 13927 gold pieces.
You spent 3649 gold pieces at shops.
You paid 8244 gold pieces to Gozag.

Inventory:

Hand Weapons
 m - a +1 war axe of draining
 w - a +6 hand axe of venom
 y - the +1 mace of Joyful Slaughter {flame, Will++ Str-5 Dex+4}
   (You bought it in a shop on level 2 of the Orcish Mines)

   Str-5:     It affects your strength (-5).
   Dex+4:     It affects your dexterity (+4).
   Will++:    It greatly increases your willpower.
 V - the +8 hand axe of Gededgh (weapon) {vamp, rPois Str+4 Int+3 Dex-3}
   (You found it on level 13 of the Dungeon)

   Str+4:     It affects your strength (+4).
   Int+3:     It affects your intelligence (+3).
   Dex-3:     It affects your dexterity (-3).
   rPois:     It protects you from poison
 X - a +3 antimagic war axe
Armour
 e - the +3 hat of Filth (worn) {Int+4 Dex+2}
   (You found it on level 2 of the Swamp)

   Int+4:     It affects your intelligence (+4).
   Dex+2:     It affects your dexterity (+2).
 g - a +1 buckler of reflection
 l - the +1 cloak of Starlight (worn) {*Dazzle EV+4 Stlth--}
   (You bought it in a shop on level 3 of the Lair of Beasts)

   *Dazzle:   It may blind those who miss an attack against the wearer in melee
   combat.
   EV+4:      It affects your evasion (+4).
   Stlth--:   It makes you much less stealthy.
 n - a +0 tower shield (worn)
 x - +2 gold dragon scales (worn)
 I - the +2 pair of gloves of the Old and Reckless {Drain Str+2 Int+4 Stlth+}
   (You found it on level 1 of the Orcish Mines)

   Str+2:     It affects your strength (+2).
   Int+4:     It affects your intelligence (+4).
   Drain:     It drains your maximum health when unequipped.
   Stlth+:    It makes you more stealthy.
 P - the +0 pair of boots "Bobrek" (worn) {rC+ rN++}
   (You found it on level 11 of the Dungeon)

   rC+:       It protects you from cold.
   rN++:      It greatly protects you from negative energy.
 U - the +0 pair of gloves of the Distant Future (worn) {rElec rF+++ Will- rCorr}
   (You found it in a Gauntlet)

   rF+++:     It renders you almost immune to fire.
   rElec:     It insulates you from electricity.
   Will-:     It decreases your willpower.
   rCorr:     It protects you from acid and corrosion.
Jewellery
 i - an amulet of reflection (around neck)
 o - the ring of Giykodis (left hand) {rC+++ Will- rCorr AC+4 Slay+6}
   (You bought it in a shop on level 4 of the Dungeon)

   [ring of protection]

   AC+4:      It affects your AC (+4).
   Slay+6:    It affects your accuracy & damage with ranged weapons and melee
   (+6).
   rC+++:     It renders you almost immune to cold.
   Will-:     It decreases your willpower.
   rCorr:     It protects you from acid and corrosion.
 C - the ring of Ephemeral Luck {Fly rN+ Int-3 Dex+6}
   (You found it on level 1 of the Orcish Mines)

   [ring of positive energy]

   Int-3:     It affects your intelligence (-3).
   Dex+6:     It affects your dexterity (+6).
   rN+:       It protects you from negative energy.
   Fly:       It grants you flight.
 J - the ring of Reimbursement (right hand) {rElec rN+ Str+6 Slay+6 SInv}
   (You bought it in a shop on level 2 of the Snake Pit)

   [ring of strength]

   Str+6:     It affects your strength (+6).
   Slay+6:    It affects your accuracy & damage with ranged weapons and melee
   (+6).
   rElec:     It insulates you from electricity.
   rN+:       It protects you from negative energy.
   SInv:      It lets you see invisible.
Wands
 c - a wand of flame (57)
 p - a wand of polymorph (25)
 s - a wand of mindburst (1)
 u - a wand of paralysis (28)
 D - a wand of acid (5)
 S - a wand of digging (7)
 Z - a wand of iceblast (19)
Scrolls
 h - 3 scrolls of summoning
 v - 15 scrolls of teleportation
 E - 4 scrolls of revelation
 F - 4 scrolls of amnesia
 G - 2 scrolls of fear
 H - 13 scrolls of identify
 O - 4 scrolls of poison
 Y - a scroll of silence
Potions
 d - 3 potions of might
 f - a potion of heal wounds
 j - 13 potions of curing
 k - 5 potions of mutation
 q - 3 potions of ambrosia
 r - 4 potions of brilliance
 z - 4 potions of haste
 A - 3 potions of enlightenment
 B - 2 potions of berserk rage
 K - a potion of resistance
 M - a potion of invisibility
 N - 2 potions of cancellation
 R - a potion of lignification
Miscellaneous
 T - a phantom mirror


   Skills:
 + Level 21.1 Fighting
 + Level 22.6 Axes
 + Level 19.6 Armour
 + Level 19.5 Shields


You had 18 spell levels left.
You didn't know any spells.
Your spell library contained the following spells:

 Spells                   Type           Power      Damage    Failure   Level
 Foxfire                  Conj/Fire      0%         2x1d4     95%         1
 Kiss of Death            Conj/Necr      0%         2d5       95%         1
 Shock                    Conj/Air       0%         1d3       95%         1
 Summon Small Mammal      Summ           0%         N/A       95%         1
 Blink                    Tloc           0%         N/A       99%         2
 Cigotuvi's Dreadful Rot  Necr/Pois/Air  0%         N/A       99%         2
 Ensorcelled Hibernation  Hex/Ice        0%         N/A       99%         2
 Jinxbite                 Hex            0%         N/A       99%         2
 Lesser Beckoning         Tloc           0%         N/A       99%         2
 Momentum Strike          Conj/Tloc      0%         3d8       99%         2
 Passwall                 Tmut/Erth      0%         N/A       99%         2
 Static Discharge         Conj/Air       0%         3-3/arc   99%         2
 Call Canine Familiar     Summ           0%         N/A       100%        3
 Confusing Touch          Hex            0%         N/A       100%        3
 Frozen Ramparts          Ice            0%         1d1       100%        3
 Gell's Gravitas          Tloc           0%         N/A       100%        3
 Ignite Poison            Fire/Tmut/Pois 0%         N/A       100%        3
 Inner Flame              Hex/Fire       0%         N/A       100%        3
 Stone Arrow              Conj/Erth      0%         3d7       100%        3
 Summon Guardian Golem    Hex/Summ       0%         N/A       100%        3
 Swiftness                Air            0%         N/A       100%        3
 Teleport Other           Tloc           0%         N/A       100%        3
 Tukima's Dance           Hex            0%         N/A       100%        3
 Airstrike                Air            0%         2d(0-16)  100%        4
 Anguish                  Hex/Necr       0%         N/A       100%        4
 Animate Armour           Summ/Erth      0%         N/A       100%        4
 Dispel Undead            Necr           0%         3d6       100%        4
 Leda's Liquefaction      Hex/Erth       0%         N/A       100%        4
 Passage of Golubria      Tloc           0%         N/A       100%        4
 Petrify                  Tmut/Erth      0%         N/A       100%        4
 Sticky Flame             Conj/Fire      0%         2d3       100%        4
 Summon Lightning Spire   Summ/Air       0%         N/A       100%        4
 Vhi's Electric Charge    Tloc/Air       0%         N/A       100%        4
 Arcjolt                  Conj/Air       0%         1d10      100%        5
 Borgnjor's Vile Clutch   Necr/Erth      0%         N/A       100%        5
 Freezing Cloud           Conj/Ice/Air   0%         6-21      100%        5
 Lee's Rapid Deconstruct  Erth           0%         3d4*      100%        5
 Metabolic Englaciation   Hex/Ice        0%         N/A       100%        5
 Yara's Violent Unravell  Hex/Tmut       0%         3d3       100%        5
 Bombard                  Conj/Erth      0%         9d1       100%        6
 Death Channel            Necr           0%         N/A       100%        6
 Dispersal                Tloc           0%         N/A       100%        6
 Plasma Beam              Fire/Air       0%         2x1d10    100%        6
 Starburst                Conj/Fire      0%         6d3       100%        6
 Enfeeble                 Hex            0%         N/A       100%        7
 Ignition                 Fire           0%         3d3       100%        8
 Lehudib's Crystal Spear  Conj/Erth      0%         10d2      100%        8
 Maxwell's Capacitive Co  Air            0%         ∞         100%        8
 Animate Dead             Necr           Unusable   N/A       N/A         4

Dungeon Overview and Level Annotations

Branches:
Dungeon (15/15)            Temple (1/1) D:5            Lair (5/5) D:8
  Swamp (4/4) Lair:3        Snake (4/4) Lair:3        Slime (0/5) Lair:5
    Orc (2/2) D:12            Elf (0/3) Orc:2        Vaults (0/5) D:13
 Depths (0/4) D:15        Ossuary (visited)         Gauntlet (visited)

Altars:
Ashenzari
Cheibriados
Dithmenos
Elyvilon
Fedhas
Gozag
Hepliaklqana
Kikubaaqudgha
Makhleb
Nemelex Xobeh
Okawaru
Qazlal
Ru
Sif Muna
Trog
Uskayaw
Vehumet
Wu Jian
Xom
Yredelemnul
Zin
The Shining One
Beogh
Jiyva

Shops:
D:4 *([*   D:11 *   D:12 (   D:13 [   Orc:1 (   Orc:2 [(!=[:   Lair:3 =[
Swamp:1 [(   Snake:2 :*:*=

Portals:
Abyss: Snake:4
Trove: D:14 (give +4 demon blade)

Annotations:
Swamp:4 Bai Suzhen
Snake:4 1 transporter, jejorda2's ghost, adept GnBe
Orc:2 3 runed translucent doors, exclusion: obsidian statue, wireframewife's ghost, journeyman DrVM


Message History

Unknown command.
You feel better.
The nagaraja no longer looks unusually strong.
The nagaraja is distracted by your dazzling golden aura.
The naga warrior is distracted by your dazzling golden aura.
You block the nagaraja's attack.
The nagaraja shouts!
You fade into invisibility!
The naga warrior shouts!
The nagaraja is no longer distracted by gold.
The nagaraja closely misses you. The nagaraja hits you with a +0 club!
* * * LOW HITPOINT WARNING * * *
You block the nagaraja's attack. The nagaraja closely misses you.
The nagaraja hits you with a +0 club.
* * * LOW HITPOINT WARNING * * *
You block the nagaraja's attack.
The naga warrior is distracted by your dazzling golden aura.
The naga warrior shouts!
The nagaraja attacks as it pursues you! You block the nagaraja's attack.
The anaconda is distracted by your dazzling golden aura.
The nagaraja casts a spell at you.
You feel more firmly anchored in space.
The nagaraja gestures at you while chanting.
You feel more firmly anchored in space. The nagaraja attacks as it pursues you!
You block the nagaraja's attack. The nagaraja attacks as it pursues you!
You block the nagaraja's attack. x2
The nagaraja barely misses you. x2
The nagaraja is blinded by the light from your cloak!
The nagaraja no longer looks unusually strong.
The nagaraja spits poison at you.
You block the splash of poison... and reflect it back!
The splash of poison hits the nagaraja.
The nagaraja spits poison at you.
The splash of poison hits you but does no damage.
You are poisoned.
The nagaraja points at you and mumbles some strange words.
The poison arrow hits you!!!
You are more poisoned.
You die...
Your body crumbles into a pile of gold.

.#####...#.........##
#..####...#
..#####.)##).......# ##.##
#<..##
....###..##.####...# #..#
##### ...).)....###..##..#
#..# .##.))....##....#..#
#..# ..###))....#....##.#
#.##
..###).....#.....#.###.#
...###.....#.)#..#..####..
...# #.....#..#.@#.##.#N..
...###.....#..#..#.#.NNN..
...##.........#.N#.#NNNNN⌠
..............#NN###SNNN
..............#.)##NN.#
..............#.NS#$..#
...###....#..##..$N$..#
..##p##...######..$N.####
.## #X#...# # #...N##..###


You could see 4 nagarajas and an anaconda (unable to see you).

Vanquished Creatures
  Jorgrun (Orc:1)
  Mlioglotl (Swamp:3)
  3 tentacled monstrosities
  Kirke (Swamp:2)
  Donald (Swamp:2)
  Roxanne (D:14)
  5 nagarajas
  The ghost of SecretSquirrel the Marksdemonspawn, a journeyman DsHu of Fedhas (Swamp:2)
  A ghost moth (shapeshifter) (D:14)
  An orc warlord (Orc:1)
  2 ghouls (Swamp:4)
  A stone giant (Orc:2)
  A minotaur (Gauntlet)
  Azrael (D:13)
  4 bunyips
  An eleionoma (Swamp:4)
  Snorg (D:12)
  2 green deaths (Swamp:4)
  The ghost of jasper the Grappler, a journeyman TrFi of Ashenzari (Orc:1)
  An ettin (D:14)
  A quicksilver dragon zombie (D:15)
  The ghost of Kibis the Hazy, a journeyman DsGl of Hepliaklqana (D:14)
  15 hydras
  4 salamander tyrants
  6 centaur warriors
  5 ghost crabs
  9 boulder beetles
  5 alligators
  2 catoblepae (D:14)
  16 two-headed ogres
  14 anacondas
  20 death yaks
  A hell hog (Gauntlet)
  2 tengu warriors
  9 naga warriors
  6 naga sharpshooters
  An orc high priest (Orc:2)
  9 shock serpents
  16 spriggans
  9 skeletal warriors
  A skyshark (Lair:5)
  7 salamander mystics
  Lodul (D:10)
  2 goliath frogs
  6 naga ritualists
  A spark wasp zombie (D:15)
  9 bog bodies
  3 spriggan druids
  9 swamp dragons
  A deep elf archer (D:13)
  A flayed ghost (D:14)
  A lindwurm (shapeshifter) (D:14)
  6 orc knights
  A necromancer (D:15)
  11 mana vipers
  5 deep elf pyromancers
  33 ugly things
  A faun (shapeshifter) (D:14)
  2 orc sorcerers (Orc:1)
  5 manticores
  3 oklob plants
  4 will-o-the-wisps
  12 cyclopes
  A manticore (shapeshifter) (D:15)
  19 salamanders
  3 elephants
  2 moths of wrath (Orc:1)
  An apocalypse crab (Gauntlet)
  28 black mambas
  2 torpor snails
  12 naga magi
  9 guardian serpents
  2 orange demons (Swamp:4)
  3 gargoyles
  5 kobold demonologists
  A yaktaur (D:14)
  3 efreet
  6 rime drakes
  15 cane toads
  A yaktaur (shapeshifter) (D:13)
  A tengu conjurer (D:14)
  7 komodo dragons
  3 hydra zombies (Swamp:2)
  A queen bee (Lair:3)
  9 trolls
  10 meliai
  7 tyrant leeches
  11 hornets
  7 polar bears
  10 blink frogs
  9 saltlings (Orc:2)
  6 dream sheep
  20 slime creatures
  2 centaur simulacra
  5 shadows
  9 basilisks
  56 yaks
  5 fire elementals (D:13)
  2 spriggans (shapeshifter)
  6 small abominations (Gauntlet)
  2 vampires
  Eustachio (D:5)
  2 fire bats (Gauntlet)
  6 hogs
  A steam dragon (D:6)
  19 vampire mosquitoes
  10 wyverns
  Edmund (D:5)
  15 swamp worms
  39 nagas
  3 acid dragons
  An acid dragon (shapeshifter) (D:14)
  A warg (Orc:1)
  6 large abominations
  3 hell hounds
  13 water moccasins
  2 sky beasts
  An ice beast (D:5)
  16 orc warriors
  8 black bears
  5 boggarts
  12 ogres
  41 wolves
  9 centaurs
  A phantom (D:5)
  30 kobold brigands
  2 elf zombies (Ossuary)
  A necrophage (Swamp:4)
  14 bullfrogs
  3 scorpions
  A cane toad simulacrum (Gauntlet)
  3 wights (D:8)
  42 killer bees
  2 troll zombies (Swamp:3)
  A troll skeleton (Swamp:3)
  10 howler monkeys
  A jelly (D:7)
  An electric eel (Lair:2)
  2 hounds
  19 orc priests
  A gnoll bouda (D:6)
  A human zombie (Ossuary)
  3 iguanas
  2 sleepcaps
  Ijyb (D:5)
  18 orc wizards
  A boggart simulacrum (Gauntlet)
  4 mummies (Ossuary)
  8 adders
  12 gnolls
  3 shadow imps
  2 ufetubi (D:6)
  An adder zombie (Ossuary)
  A worm (D:3)
  2 dart slugs
  60 orcs
  6 bats
  4 endoplasms
  2 giant cockroaches
  10 goblins
  9 hobgoblins
  46 kobolds
  2 quokkas
  6 ball pythons
  6 frilled lizards
  A goblin zombie (Ossuary)
  2 hobgoblin zombies (Ossuary)
  8 kobold skeletons (D:12)
  11 kobold zombies
  4 rat zombies (Ossuary)
1193 creatures vanquished.

Vanquished Creatures (collateral kills)
  Mara (Swamp:4)
  A hydra (Lair:3)
  3 slime creatures (D:12)
5 creatures vanquished.

Vanquished Creatures (others)
  Aizul (Snake:3)
  A bunyip (Swamp:4)
  Erica (D:11)
  A ghost crab (Swamp:1)
  An alligator (Swamp:3)
  A will-o-the-wisp (Swamp:1)
  8 bloated husks
  A tyrant leech (Swamp:3)
  A naga (Snake:1)
  2 swamp worms
  A kobold (D:9)
  32 foxfires
51 creatures vanquished.

Grand Total: 1249 creatures vanquished

Notes
Turn   | Place    | Note
-------+----------+-------------------------------------------
     0 | D:1      | p00ps00p the Hill Orc Fighter began the quest for the Orb.
     0 | D:1      | Reached XP level 1. HP: 19/19 MP: 1/1
   193 | D:1      | Reached skill level 3 in Axes
   193 | D:1      | Reached XP level 2. HP: 23/27 MP: 2/2
   792 | D:1      | Reached XP level 3. HP: 31/33 MP: 3/3
  1613 | D:2      | Reached XP level 4. HP: 40/40 MP: 4/4
  2024 | D:3      | Found a faded altar of an unknown god.
  2342 | D:3      | Reached skill level 4 in Axes
  2342 | D:3      | Reached XP level 5. HP: 47/47 MP: 5/5
  2510 | D:3      | Found a burning altar of Makhleb.
  2790 | D:4      | Found Meryci's Assorted Antiques.
  2793 | D:4      | Found Qijoetil's Armour Shoppe.
  2807 | D:4      | Bought a bound wooden ring for 110 gold pieces
  2807 | D:4      | Identified the ring of Giykodis {rC+++ Will- rCorr AC+4
                  | Slay+6} (You bought it in a shop on level 4 of the Dungeon)
  3181 | D:4      | Found Voamod's Weapon Emporium.
  3234 | D:4      | Found Isuinud's Assorted Antiques.
  3631 | D:5      | Entered Level 5 of the Dungeon
  3631 | D:5      | Noticed a phantom
  3635 | D:5      | Killed a phantom
  3636 | D:5      | Reached skill level 5 in Fighting
  3637 | D:5      | Reached XP level 6. HP: 56/56 MP: 6/6
  3643 | D:5      | Noticed an acid dragon
  3654 | D:4      | Killed an acid dragon
  3655 | D:4      | Reached skill level 5 in Axes
  3657 | D:4      | Reached skill level 5 in Armour
  3657 | D:4      | Reached skill level 5 in Shields
  3781 | D:5      | Noticed Ijyb
  3793 | D:5      | Reached XP level 7. HP: 62/62 MP: 7/7
  3795 | D:5      | Killed Ijyb
  3857 | D:5      | Found a staircase to the Ecumenical Temple.
  3870 | Temple   | Entered the Ecumenical Temple
  3913 | D:5      | Found a sparkling altar of Nemelex Xobeh.
  3926 | D:5      | Noticed Edmund
  3934 | D:5      | Killed Edmund
  4054 | D:5      | Reached skill level 6 in Axes
  4113 | D:5      | Found a sand-covered staircase.
  4136 | Ossuary  | Entered an ossuary
  4154 | Ossuary  | Reached XP level 8. HP: 60/71 MP: 8/8
  4804 | D:5      | Found a hazy altar of Hepliaklqana.
  5234 | D:5      | Noticed Eustachio
  5244 | D:5      | Killed Eustachio
  5284 | D:6      | Reached skill level 7 in Axes
  5584 | D:6      | Reached XP level 9. HP: 80/80 MP: 9/9
  5675 | D:6      | Reached skill level 8 in Axes
  6246 | D:7      | Found a broken altar of Ashenzari.
  6491 | D:7      | Found a shimmering altar of Xom.
  7020 | D:8      | Reached skill level 9 in Axes
  7087 | D:8      | Reached XP level 10. HP: 89/91 MP: 10/10
  7125 | D:8      | Noticed an elephant
  7140 | D:8      | Killed an elephant
  7148 | D:8      | Noticed an elephant
  7156 | D:8      | Killed an elephant
  7182 | D:8      | Noticed a brown ugly thing
  7191 | D:8      | Reached skill level 10 in Axes
  7191 | D:8      | Killed a brown ugly thing
  7452 | D:8      | Reached skill level 10 in Fighting
  7457 | D:8      | Identified the +0 kite shield of Jipsaf {Harm Will+}
  7479 | D:8      | Found a glowing golden altar of the Shining One.
  7481 | D:8      | Found a glowing silver altar of Zin.
  7482 | D:8      | Found a white marble altar of Elyvilon.
  7888 | D:8      | Found a staircase to the Lair.
  7964 | D:8      | Found a blossoming altar of Fedhas.
  8259 | D:9      | Noticed a two-headed ogre
  8267 | D:9      | Killed a two-headed ogre
  8381 | D:9      | Noticed a deep elf pyromancer
  8385 | D:9      | Killed a deep elf pyromancer
  8386 | D:9      | Reached skill level 11 in Axes
  8386 | D:9      | Reached XP level 11. HP: 96/101 MP: 11/11
  8509 | D:9      | Identified the +2 rapier "Kalenarch" {protect, Str+2}
  8514 | D:9      | Found a shadowy altar of Dithmenos.
  8514 | D:9      | Found an opulent altar of Gozag.
  8516 | D:9      | Found a radiant altar of Vehumet.
  8516 | D:9      | Found a shimmering blue altar of Sif Muna.
  8516 | D:9      | Found a basalt altar of Yredelemnul.
  8516 | D:9      | Found a hide-covered altar of Uskayaw.
  8516 | D:9      | Found a sacrificial altar of Ru.
  8535 | D:9      | Became a worshipper of Gozag Ym Sagoz the Greedy
  8648 | D:9      | Noticed a two-headed ogre
  8654 | D:9      | Killed a two-headed ogre
  8681 | D:9      | Reached skill level 10 in Armour
  8689 | D:9      | Reached skill level 10 in Shields
  9098 | D:9      | Noticed a two-headed ogre
  9103 | D:9      | Killed a two-headed ogre
  9141 | D:10     | Entered Level 10 of the Dungeon
  9142 | D:10     | Noticed a two-headed ogre
  9151 | D:10     | Killed a two-headed ogre
  9152 | D:10     | Reached skill level 12 in Axes
  9228 | D:10     | Noticed a two-headed ogre
  9230 | D:10     | Noticed Lodul
  9245 | D:10     | Killed a two-headed ogre
  9254 | D:10     | Killed Lodul
  9444 | D:4      | Bought +0 gold dragon scales for 880 gold pieces
 10139 | D:11     | Identified the +0 pair of boots "Bobrek" {rC+ rN++}
 10602 | D:11     | Noticed a two-headed ogre
 10609 | D:11     | Reached XP level 12. HP: 87/112 MP: 12/12
 10610 | D:11     | Killed a two-headed ogre
 10697 | D:11     | Noticed a two-headed ogre
 10715 | D:11     | Killed a two-headed ogre
 10856 | D:11     | Found Raguoly's Pet Rocks.
 10863 | D:11     | Reached skill level 13 in Axes
 11235 | D:11     | Noticed a boulder beetle
 11248 | D:11     | Killed a boulder beetle
 11258 | D:11     | Noticed Erica
 11264 | D:11     | Killed Erica
 13002 | D:12     | Bought a +1 war axe of freezing for 186 gold pieces
 13118 | D:12     | Found an ancient bone altar of Kikubaaqudgha.
 13245 | D:12     | Reached skill level 14 in Axes
 13265 | D:12     | Noticed Snorg
 13280 | D:12     | Killed Snorg
 13305 | D:12     | Noticed a boulder beetle
 13321 | D:12     | Killed a boulder beetle
 13322 | D:12     | Reached XP level 13. HP: 117/122 MP: 13/13
 13327 | D:12     | Found a roughly hewn altar of Beogh.
 13327 | D:12     | Found a staircase to the Orcish Mines.
 14192 | Lair:1   | Entered Level 1 of the Lair of Beasts
 14719 | Lair:1   | Reached skill level 15 in Axes
 15642 | Lair:2   | Reached XP level 14. HP: 133/133 MP: 14/14
 16553 | Lair:3   | Reached skill level 15 in Fighting
 16555 | Lair:3   | Found a gate leading to a gauntlet.
 16562 | Lair:3   | Reached skill level 16 in Axes
 16588 | Gauntlet | Entered a Gauntlet
 16588 | Gauntlet | Found a transporter.
 16628 | Gauntlet | Found a transporter.
 16630 | Gauntlet | Found a transporter.
 16631 | Gauntlet | Found a transporter.
 16639 | Gauntlet | Found a transporter.
 16642 | Gauntlet | Found a transporter.
 16643 | Gauntlet | Found a transporter.
 16650 | Gauntlet | Found a runed translucent door.
 16653 | Gauntlet | Found a transporter.
 16654 | Gauntlet | Found a transporter.
 16655 | Gauntlet | Found a transporter.
 16664 | Gauntlet | Found a transporter.
 16666 | Gauntlet | Found a transporter.
 16667 | Gauntlet | Found a transporter.
 16675 | Gauntlet | Found the +5 robe of Night {Dark Will+ SInv}
 16676 | Gauntlet | Found a transporter.
 17123 | Gauntlet | Identified the +0 pair of gloves of the Distant Future
                  | {rElec rF+++ Will- rCorr}
 17148 | Abyss:2  | Cast into level 2 of the Abyss (apocalypse crab)
 17162 | Abyss:2  | Found a corrupted altar of Lugonu.
 17188 | Gauntlet | Escaped the Abyss
 17319 | Gauntlet | Identified the +2 scale mail "Teempamayc" {rPois rCorr
                  | Str+4}
 17584 | Lair:3   | Identified the +1 pair of boots of Ecyefus {rPois Str+4}
 17636 | Lair:3   | Found a staircase to the Snake Pit.
 18004 | Lair:3   | Bought the +1 cloak of Starlight {*Dazzle EV+4 Stlth--} for
                  | 518 gold pieces
 18004 | Lair:3   | Found the +1 cloak of Starlight {*Dazzle EV+4 Stlth--}
 18187 | Lair:3   | Found a staircase to the Swamp.
 18928 | Lair:4   | Reached skill level 17 in Axes
 18934 | Lair:4   | Reached XP level 15. HP: 132/143 MP: 15/15
 19814 | Orc:1    | Entered Level 1 of the Orcish Mines
 19837 | Orc:1    | Paralysed by an orc sorcerer for 4 turns
 19945 | Orc:1    | Found a transporter.
 19945 | Orc:1    | Found a transporter.
 19948 | Orc:1    | Noticed an orc warlord
 19950 | Orc:1    | Found a roughly hewn altar of Beogh.
 20034 | Orc:2    | Entered Level 2 of the Orcish Mines
 20352 | Orc:2    | Bought a pitted mace for 272 gold pieces
 20352 | Orc:2    | Identified the +1 mace of Joyful Slaughter {flame, Will++
                  | Str-5 Dex+4} (You bought it in a shop on level 2 of the
                  | Orcish Mines)
 20402 | Orc:2    | Found a staircase to the Elven Halls.
 20572 | Orc:2    | Found Kotuppav's Armour Emporium.
 20637 | Orc:2    | Reached skill level 15 in Armour
 20716 | Orc:2    | Found Cul Laak's Book Shop.
 20726 | Orc:2    | Reached skill level 15 in Shields
 20731 | Orc:2    | Found a roughly hewn altar of Beogh.
 20735 | Orc:2    | Found Puizuc's Armour Shop.
 20962 | Orc:2    | Found a runed translucent gate.
 20962 | Orc:2    | Found a runed translucent gate.
 20962 | Orc:2    | Found a runed translucent gate.
 20962 | Orc:2    | Found an opulent altar of Gozag.
 20965 | Orc:2    | Noticed wireframewife's ghost (journeyman DrVM)
 21100 | Orc:2    | Found Eluo's Jewellery Boutique.
 21160 | Orc:2    | Found Cet Fos's Distillery.
 21284 | Orc:1    | Found a transporter.
 21285 | Orc:1    | Found a bloodstained altar of Trog.
 21285 | Orc:1    | Noticed jasper's ghost (journeyman TrFi)
 21292 | Orc:1    | Found a transporter.
 21310 | Orc:1    | Found Diholohi's Antique Weapon Shop.
 21560 | Orc:1    | Noticed Jorgrun
 21577 | Orc:1    | Killed Jorgrun
 21999 | Orc:1    | Killed jasper's ghost
 22004 | Orc:1    | Identified the +4 eveningstar of Qinyf Taff {freeze, Int+2}
 22005 | Orc:1    | Identified the ring of Ephemeral Luck {Fly rN+ Int-3 Dex+6}
 22345 | Orc:1    | Killed an orc warlord
 22351 | Orc:1    | Reached skill level 18 in Axes
 22368 | Orc:1    | Identified the +2 pair of gloves of the Old and Reckless
                  | {Drain Str+2 Int+4 Stlth+}
 22392 | Orc:1    | Identified the +2 short sword of Grandeur {elec, rPois
                  | rCorr}
 22554 | D:13     | Found a gate to the Vaults.
 22631 | D:13     | Noticed Azrael
 22661 | D:13     | Killed Azrael
 22854 | D:13     | Identified the +8 hand axe of Gededgh {vamp, rPois Str+4
                  | Int+3 Dex-3}
 23427 | D:13     | Reached XP level 16. HP: 155/155 MP: 16/16
 24052 | D:14     | Found a portal to a secret trove of treasure.
 24140 | D:14     | Found a bloodstained altar of Trog.
 24317 | D:14     | Identified the +3 ring mail "Otrabod" {Str+3}
 24667 | D:14     | Reached skill level 19 in Axes
 24817 | D:14     | Noticed Roxanne
 24850 | D:14     | Killed Roxanne
 25111 | D:14     | Found a runed translucent door.
 25113 | D:14     | Noticed Kibis's ghost (journeyman DsGl)
 25293 | D:14     | Killed Kibis's ghost
 25303 | D:14     | Identified the +1 robe "Fihapufou" {rElec rPois Stlth-}
 25388 | D:15     | Entered Level 15 of the Dungeon
 25424 | D:15     | Found a staircase to the Depths.
 27202 | D:15     | Reached XP level 17. HP: 165/165 MP: 17/17
 27948 | Lair:5   | Entered Level 5 of the Lair of Beasts
 28071 | Lair:5   | Found a viscous altar of Jiyva.
 28072 | Lair:5   | Found a staircase to the Slime Pits.
 28435 | Lair:5   | Reached skill level 20 in Axes
 29056 | Snake:4  | Identified the "Reumnor"
 29056 | Swamp:1  | Entered Level 1 of the Swamp
 30356 | Swamp:2  | Identified the "Qesyobus"
 31004 | Swamp:2  | Noticed Donald
 31025 | Swamp:2  | Killed Donald
 31061 | Swamp:2  | Noticed Kirke
 31064 | Swamp:2  | Noticed a sphinx
 31073 | Swamp:2  | Killed Kirke
 31078 | Swamp:2  | Found a runed translucent door.
 31082 | Swamp:2  | Noticed a tentacled monstrosity
 31082 | Swamp:2  | Identified the +5 trident of the Extremes {pain, *Slow
                  | rElec rF+}
 31082 | Swamp:2  | Noticed SecretSquirrel's ghost (journeyman DsHu)
 31278 | Swamp:2  | Identified the +3 hat of Filth {Int+4 Dex+2}
 31870 | Swamp:2  | Noticed a tentacled monstrosity
 31900 | Swamp:2  | Killed a tentacled monstrosity
 32131 | Swamp:2  | Killed a tentacled monstrosity
 32159 | Swamp:2  | Killed SecretSquirrel's ghost
 33264 | Swamp:3  | Reached XP level 18. HP: 176/176 MP: 18/18
 33549 | Swamp:4  | Entered Level 4 of the Swamp
 33733 | Swamp:4  | Noticed Mara
 34262 | Swamp:4  | Noticed Mlioglotl
 34281 | Swamp:3  | Killed Mlioglotl
 34350 | Swamp:4  | Reached skill level 21 in Axes
 34558 | Swamp:4  | Killed Mara
 35274 | Swamp:4  | Noticed Bai Suzhen
 36373 | Swamp:4  | Noticed a tentacled monstrosity
 36408 | Swamp:4  | Killed a tentacled monstrosity
 36667 | Swamp:4  | Got a decaying rune of Zot
 36966 | Snake:1  | Entered Level 1 of the Snake Pit
 37556 | Snake:2  | Bought the ring of Reimbursement {rElec rN+ Str+6 Slay+6
                  | SInv} for 1421 gold pieces
 37707 | Snake:2  | Found Atedov's Assorted Antiques.
 37712 | Snake:2  | Found Zaapliet's Assorted Antiques.
 37712 | Snake:2  | Found Wepil's Book Shoppe.
 37742 | Snake:2  | Bought a scroll of enchant armour for 262 gold pieces
 37743 | Snake:2  | Found Irphashep's Book Emporium.
 37913 | Snake:2  | Found a shimmering altar of Xom.
 38083 | Snake:2  | Reached XP level 19. HP: 187/187 MP: 19/19
 38955 | Snake:3  | Identified the serpent talisman "Remaos" {rPois rN+ Will-
                  | Str+3}
 38955 | Snake:3  | Noticed Aizul
 38956 | Snake:3  | Reached skill level 22 in Axes
 38978 | Snake:3  | Killed Aizul
 39930 | Snake:4  | Entered Level 4 of the Snake Pit
 40707 | Snake:4  | Noticed jejorda2's ghost (adept GnBe)
 40916 | Snake:4  | Found a transporter.
 40953 | Snake:4  | Found a one-way gate to the infinite horrors of the Abyss.
 41261 | Snake:4  | Killed from afar by a nagaraja

Illustrated notes

Levels and vault maps discovered:
D:1:      dpeg_arrival_renting, layout_loops_cross, serial_co_window_serial,
          co_window_corner_a, co_window_cross_1, co_window_cross_1,
          co_window_paths_a, co_window_paths_a, co_window_unsneaky_path_e,
          co_window_broadway_b, co_window_paths_c, co_window_unsneaky_path_b,
          co_window_corner_cb, co_window_paths_e, glass_columns_c
D:2:      minmay_skewed_foursquare, layout_basic, minmay_tromino_v4_b
D:3:      layout_loops_ring, mainiacjoe_overflow_alcove_1,
          ebering_ecumenical_altar_box
D:4:      layout_layer_cave, serial_shops, nicolae_shop_waterfront,
          nicolae_shop_real_fake_doors, shop, nicolae_shop_hallway_plus
D:5:      layout_loops_corners, nemelex_xobeh_ov_fountains_minmay,
          mainiacjoe_overflow_six_doors_small, minmay_temple_entry_arrows,
          nicolae_ossuary_entry_false_entrances, uniq_eustachio, uniq_ijyb,
          uniq_edmund
D:6:      layout_loops_ring
D:7:      layout_loops_cross, lemuel_doored_altar,
          mainiacjoe_overflow_surrounded_room
D:8:      layout_loops_ring, good_gods_temple_1, fedhas_altar_fruit_tree,
          grunt_lair_entry_orc_guard_hut, kennysheep_minor_cross
D:9:      layout_roguey [special_room_kobold], grunt_temple_overflow_open,
          chequers_serial_rivers_marsh
D:10:     layout_rooms, kennysheep_generic_room_5, uniq_lodul
D:11:     layout_roguey, guppyfry_shop_earth, uniq_erica
D:12:     wander_kiku_kobolds, layout_loops_ring, david_orc_5, uniq_snorg
D:13:     minmay_tri_box, layout_stronghold,
          nicolae_concentric_dashed_squares_mild, uniq_azrael
D:14:     nzn_winding_woodlands_stair_trap
          [nzn_winding_woodlands_5x15_concentric,
          nzn_winding_woodlands_5x15_sawtooth,
          nzn_winding_woodlands_5x15_pockets,
          nzn_winding_woodlands_15x15_five_gardens,
          nzn_winding_woodlands_5x15_twine, nzn_winding_woodlands_5x15_default,
          nzn_winding_woodlands_5x15_parted], layout_irregular_city,
          trog_three_pillars_becter, nicolae_trove_entry_crystal,
          ebering_ghost_inner_flame, uniq_roxanne
D:15:     gammafunk_depths_entry_grave, layout_basic, minmay_misc_feat_hallway,
          st_stairs_4
Temple:   nicolae_temple_bog_church
Lair:1:   layout_cave_shapes, grunt_megastairs_5, lemuel_fruit_tree,
          infiniplex_staircase_pool_2
Lair:2:   layout_regular_city, lemuel_fruit_fields, grunt_megastairs_3,
          serial_bayou_shore_b, infiniplex_staircase_pool
Lair:3:   regret_index_harrowing_hell_hive, layout_chaotic_city,
          minmay_swamp_entry_wisps, guppyfry_snake_entry_garden,
          gauntlet_entry_generic
Lair:4:   layout_cellular_growth, lemuel_fruit_fields, grunt_megastairs_2
Lair:5:   minmay_lair_end_enchanted_forest, layout_loops_ring,
          minmay_slime_entry_oklob_open
Swamp:1:  layout_falls_marsh, evilmike_swamp_ruin_house_2
Swamp:2:  cheibrodos_swamp_monstrosity, layout_falls_marsh,
          ebering_ghost_funeral_grove, nicolae_swamp_oxbows, swamp_pool2,
          nicolae_swamp_necromancy_gone_wrong, uniq_donald, uniq_kirke
Swamp:3:  layout_basic_swamp, evilmike_swamp_ruin_house_3,
          cheibrodos_swamp_minitomb
Swamp:4:  swamp_vile, layout_basic_swamp, swamp_pool1, uniq_bai_suzhen,
          uniq_mlioglotl, uniq_mara
Snake:1:  layout_layer_cave
Snake:2:  layout_basic, basic_altar, minmay_shoptagon
Snake:3:  nicolae_aizul_guard, layout_cave_pods, st_stairs_7
Snake:4:  grunt_snake_rune_serpentine_throne, layout_onion,
          gammafunk_ghost_abyssal_escape, serial_bayou_shore_b
Orc:1:    gammafunk_beogh_shrine, layout_diamond_mine,
          gammafunk_ghost_wrathful_warriors, serial_shops, shop, uniq_jorgrun
Orc:2:    hellmonk_orc_salted, layout_caves, ebering_ghost_gozag, serial_shops,
          shop

Skill      XL: |  1  2  3  4  5  6  7  8  9 10 11 12 13 14 15 16 17 18 19 |
---------------+----------------------------------------------------------+-----
Axes           | 3 4 5 6 7 9 11 12 14 15 17 18 19 20 21 22 | 22.6
Fighting       | 4 5 6 7 9 10 11 13 14 15 17 18 19 20 21 | 21.1
Armour         | 4 5 7 8 9 11 12 13 14 15 16 17 18 19 | 19.6
Shields        | 4 5 6 8 9 10 12 13 14 15 16 17 18 19 | 19.5

Action                     |  1- 3 |  4- 6 |  7- 9 | 10-12 | 13-15 | 16-18 | 19-21 || total
---------------------------+-------+-------+-------+-------+-------+-------+-------++-------
  Melee: War axe           |    68 |    97 |     6 |       |   520 |   181 |       ||   872
         Hand axe          |       |       |   191 |   472 |   660 |  1553 |   406 ||  3282
         Dagger            |       |       |       |       |    39 |       |       ||    39
         Mace              |       |       |       |       |       |   166 |       ||   166
 Invoke: Call Merchant     |       |       |       |     1 |     3 |     4 |       ||     8
  Evoke: Wand              |       |     5 |     3 |    12 |     9 |     2 |     2 ||    33
         Phantom mirror    |       |       |       |     1 |     1 |       |       ||     2
    Use: Scroll            |     4 |     4 |    13 |     7 |     8 |    10 |     2 ||    48
         Potion            |       |       |     1 |       |     6 |       |     7 ||    14
   Stab: Distracted        |       |       |       |     2 |     7 |    10 |     2 ||    21
         Petrified         |       |       |       |       |     1 |       |       ||     1
         Invisible         |       |       |       |       |     5 |    20 |    10 ||    35
 Armour: Scale mail        |    54 |    29 |       |       |       |       |       ||    83
         Chain mail        |       |    39 |   105 |    98 |       |       |       ||   242
         Gold dragon scale |       |       |       |   126 |   602 |  1357 |   263 ||  2348
  Dodge: Dodged            |    30 |    37 |    37 |    59 |   162 |   479 |    76 ||   880
         Repelled          |       |       |       |     2 |     3 |       |       ||     5
  Block: Buckler           |    17 |    37 |    94 |   126 |       |       |       ||   274
         Reflection        |       |     2 |     4 |    25 |    28 |    48 |    50 ||   157
         Tower shield      |       |       |       |    83 |  1036 |  1891 |   469 ||  3479

Table legend: (Time is in decaauts)
 A = Elapsed time spent in this place.
 B = Non-inter-level travel time spent in this place.
 C = Inter-level travel time spent in this place.
 D = Time resting spent in this place.
 E = Time spent auto-exploring this place.
 F = Levels seen in this place.
 G = Mean time per level.
                   A        B        C        D        E       F      G
               +--------+--------+--------+--------+--------+-----+--------+
         Total |  40801 |  38762 |   2039 |   7409 |  23233 |  34 | 1200.0 |
       Dungeon |  18915 |  17587 |   1328 |   3142 |  11292 |  15 | 1261.0 |
        Temple |     21 |     21 |      0 |      0 |      0 |   1 |   21.0 |
          Lair |   6467 |   6172 |    295 |    965 |   3774 |   5 | 1293.4 |
         Swamp |   7373 |   7265 |    108 |   2384 |   3383 |   4 | 1843.2 |
     Snake Pit |   4178 |   4125 |     53 |    417 |   2821 |   4 | 1044.5 |
  Orcish Mines |   2609 |   2356 |    253 |    258 |   1519 |   2 | 1304.5 |
         Abyss |     38 |     38 |      0 |      0 |      0 |   1 |   38.0 |
       Ossuary |    451 |    451 |      0 |    243 |    137 |   1 |  451.0 |
      Gauntlet |    747 |    747 |      0 |      0 |    305 |   1 |  747.0 |
               +--------+--------+--------+--------+--------+-----+--------+

Top non-repeatable levels by time:
 Swamp:4: 2664 daAuts
    D:12: 2608 daAuts
    D:14: 2517 daAuts
  Lair:3: 2300 daAuts
 Swamp:2: 1937 daAuts
   Orc:1: 1650 daAuts
 Swamp:3: 1644 daAuts
    D:11: 1424 daAuts
    D:13: 1399 daAuts
 Snake:3: 1371 daAuts
     D:8: 1318 daAuts
 Snake:4: 1262 daAuts
     D:4: 1251 daAuts
     D:1: 1231 daAuts
     D:5: 1227 daAuts
